Map: Orbital Shipyard

Players

AcRo

  • Race: Protoss Protoss
  • League: Master

Miszu - Winner!

  • Race: Terran Terran
  • League: Master

VOD

Have the link to the VOD?

Description

Time

  • Played on: March 15, 2016, 4:43 p.m.
  • Length: 12:13
Show
View Real Time Build Order
Export as new Build Order

AcRo Protoss 

Build Orders: 1 Gate Expand, Colossus Rush 

Get SALT Encoding   

  12  0:00  Probe (Chrono Boost)  
  13  0:11  Probe (Chrono Boost)  
  14  0:17  Pylon  
  14  0:22  Probe (Chrono Boost)  
  15  0:36  Probe (Chrono Boost)  
  15  0:37  Gateway  
  16  0:43  Assimilator  
  16  0:46  Probe (Chrono Boost)  
  18  0:57  Probe (Chrono Boost)  
  18  1:07  Probe (Chrono Boost)  
  19  1:18  Probe (Chrono Boost)  
  20  1:24  Cybernetics Core  
  20  1:28  Probe (Chrono Boost)  
  21  1:39  Probe (Chrono Boost)  
  22  1:44  Nexus  
  22  1:51  Assimilator  
  23  1:54  Probe (Chrono Boost)  
  23  1:57  Pylon  
  23  1:59  Warp Gate  
  24  2:15  Probe (Chrono Boost)  
  24  2:20  Stalker (Chrono Boost)  
  26  2:26  Probe (Chrono Boost)  
  27  2:30  Robotics Facility  
  27  2:40  Probe  
  28  2:46  Pylon  
  28  2:52  Probe  
  28  2:53  Sentry (Chrono Boost)  
  28  2:54  Probe  
  32  3:04  Probe (Chrono Boost)  
  33  3:12  Probe (Chrono Boost)  
  34  3:15  Probe (Chrono Boost)  
  34  3:18  Robotics Bay  
  35  3:21  Warp Prism (Chrono Boost)  
  35  3:24  Probe  
  38  3:30  Assimilator  
  38  3:37  Probe  
  38  3:38  Probe  
  40  3:51  Probe x2  
  40  3:54  Observer (Chrono Boost)  
  43  3:58  Nexus  
  43  4:04  Pylon, Probe  
  45  4:10  Disruptor (Chrono Boost)  
  45  4:14  Mothership Core  
  49  4:17  Pylon  
  49  4:18  Probe  
  50  4:28  Stalker  
  50  4:30  Pylon  
  52  4:31  Probe  
  52  4:33  Gravitic Drive (Chrono Boost)  
  52  4:35  Probe  
  52  4:38  Assimilator  
  54  4:43  Probe  
  55  4:48  Pylon  
  55  4:49  Probe  
  56  4:55  Gateway, Probe  
  56  4:58  Gateway  
  57  5:01  Probe  
  57  5:02  Sentry  
  60  5:08  Probe  
  60  5:12  Probe  
  60  5:13  Probe  
  63  5:20  Probe  
  63  5:21  Colossus  
  64  5:26  Probe  
  64  5:28  Probe  
  66  5:31  Extended Thermal Lance (Chrono Boost)  
  66  5:35  Pylon  
  72  5:38  Probe  
  72  5:39  Pylon  
  72  5:40  Probe x2  
  75  5:49  Probe  
  74  5:52  Probe x2  
  77  5:58  Pylon  
  77  6:02  Pylon  
  77  6:03  Stalker x2  
  81  6:04  Stalker  
  81  6:07  Twilight Council  
  81  6:09  Probe x2  
  81  6:10  Probe  
  86  6:12  Observer  
  82  6:25  Probe  
  82  6:26  Colossus  
  82  6:27  Probe x2  
  82  6:30  Assimilator  
  85  6:34  Assimilator  
  85  6:35  Forge  
  85  6:37  Probe  
  85  6:38  Forge  
  85  6:39  Probe x2  
  94  6:48  Blink (Chrono Boost), Pylon  
  94  6:51  Pylon  
  94  6:52  Sentry, Stalker  
  98  6:54  Pylon  
  98  6:55  Probe  
  98  6:57  Protoss Ground Weapons Level 1 (Chrono Boost)  
  98  6:58  Pylon  
  98  7:00  Protoss Ground Armor Level 1 (Chrono Boost)  
  99  7:11  Stargate  
  96  7:18  Gateway  
  96  7:20  Gateway  
  96  7:21  Gateway  
  93  7:24  Probe x3  
  93  7:27  Stalker x2  
  100  7:38  Disruptor  
  100  7:43  Pylon  
  103  7:45  Gateway  
  103  7:47  Probe x2  
  103  7:48  Gateway, Probe  
  106  7:51  Gateway  
  106  8:02  Robotics Facility  
  106  8:09  Photon Cannon  
  106  8:13  Photon Cannon x2  
  106  8:14  Observer Gravitic Boosters  
  106  8:19  Probe  
  108  8:20  Probe x2  
  109  8:33  Stalker x3, Protoss Ground Armor Level 2  
  115  8:37  Nexus  
  115  8:38  Protoss Ground Weapons Level 2  
  115  8:40  Pylon  
  115  8:45  Pylon  
  115  8:47  Colossus  
  121  8:49  Colossus  
  127  9:03  Pylon  
  127  9:08  Pylon  
  127  9:10  Adept  
  127  9:11  Adept x4  
  137  9:21  Stalker  
  137  9:22  Stalker x3  
  144  9:27  Resonating Glaives (Chrono Boost)  
  144  9:33  Photon Cannon  
  144  9:37  Photon Cannon  
  144  9:41  Observer  
  144  9:42  Stalker x2  
  144  9:43  Observer  
  123  10:17  Colossus x2 (Chrono Boost)  
  97  10:25  Stalker x7  
  97  10:26  Stalker x2  
  103  10:31  Fleet Beacon  
  103  10:35  Assimilator  
  103  10:37  Assimilator  
  102  11:07  Stalker  
  102  11:08  Stalker x6  
  102  11:09  Stalker  
  118  11:20  Nexus  
  108  11:39  Stalker x3  
  105  11:40  Stalker x6  
Show
View Real Time Build Order
Export as new Build Order

Miszu Terran - Winner!

Build Orders: Command Center First (CC), MMM Bio 

Get SALT Encoding   

  12  0:00  SCV  
  13  0:13  SCV  
  14  0:17  Supply Depot  
  14  0:25  SCV  
  15  0:39  SCV  
  16  0:51  SCV  
  17  1:00  Command Center  
  17  1:03  SCV  
  18  1:15  SCV  
  18  1:17  Barracks  
  19  1:27  SCV  
  20  1:33  Barracks  
  20  1:39  SCV  
  21  1:44  Barracks  
  21  1:52  SCV  
  22  2:04  Marine, Orbital Command  
  23  2:19  Orbital Command  
  23  2:21  Marine  
  24  2:24  Marine  
  26  2:30  SCV  
  26  2:31  Marine  
  26  2:32  Refinery x2  
  27  2:40  Marine  
  27  2:42  SCV  
  29  2:46  SCV  
  29  2:48  Supply Depot  
  29  2:50  Supply Depot  
  30  2:54  SCV  
  31  2:58  SCV  
  31  2:59  Marine x2  
  31  3:03  Barracks Tech Lab  
  34  3:06  SCV  
  34  3:10  SCV  
  36  3:13  Supply Depot  
  36  3:17  Marine x2  
  36  3:18  SCV  
  39  3:22  Marine, Stimpack  
  39  3:23  SCV  
  41  3:30  SCV  
  42  3:35  Marine, SCV  
  42  3:40  Marine  
  45  3:42  Factory, SCV  
  45  3:45  Supply Depot  
  45  3:47  SCV  
  47  3:48  Marine  
  47  3:52  Engineering Bay  
  47  3:54  SCV  
  49  3:56  Marine  
  49  3:58  Marine  
  49  3:59  SCV  
  52  4:03  Refinery  
  52  4:06  SCV  
  52  4:08  Supply Depot  
  53  4:11  Marine, SCV  
  53  4:14  Marine  
  56  4:17  Marine  
  56  4:18  SCV  
  56  4:22  Terran Infantry Weapons Level 1  
  56  4:23  SCV  
  59  4:29  Marine, Factory Reactor  
  59  4:30  Supply Depot, Starport  
  59  4:31  SCV  
  61  4:33  Marine  
  63  4:41  SCV  
  63  4:44  SCV  
  65  4:49  Command Center  
  65  4:53  SCV  
  65  4:54  Barracks Reactor, Barracks Tech Lab  
  65  4:56  Marauder, Liberator  
  65  4:58  SCV  
  68  5:00  Refinery, Liberator  
  68  5:02  Supply Depot  
  68  5:05  SCV  
  72  5:18  SCV x2  
  77  5:24  Supply Depot  
  73  5:30  SCV  
  73  5:31  SCV  
  75  5:36  Barracks  
  75  5:38  Marauder, Marine, Barracks  
  75  5:39  Marine, Combat Shields  
  80  5:42  SCV  
  80  5:43  SCV  
  81  5:50  Missile Turret  
  81  5:52  Missile Turret  
  81  5:54  Supply Depot, SCV  
  81  5:55  SCV  
  83  5:59  Medivac  
  83  6:00  Medivac  
  87  6:05  Orbital Command  
  87  6:07  SCV x2  
  87  6:08  Concussive Shells  
  89  6:16  Marauder  
  89  6:17  Supply Depot  
  91  6:22  SCV  
  88  6:25  Orbital Command  
  88  6:26  Barracks Tech Lab  
  88  6:27  Terran Infantry Armor Level 1  
  88  6:33  Barracks Reactor  
  88  6:34  SCV x2  
  88  6:39  Marauder  
  94  6:40  Marine  
  94  6:41  Medivac  
  94  6:42  Medivac  
  94  6:46  SCV  
  94  6:47  SCV  
  99  6:48  Refinery  
  101  6:54  Marine, Marauder, Refinery  
  101  6:58  SCV  
  101  6:59  Fusion Core, SCV x2  
  105  7:07  Liberator  
  105  7:10  Marine, Marauder x2, SCV  
  105  7:11  SCV  
  105  7:12  SCV  
  115  7:15  Marauder  
  116  7:26  Starport  
  116  7:28  Liberator  
  118  7:33  Factory Tech Lab  
  118  7:34  Supply Depot  
  118  7:37  Supply Depot  
  118  7:39  Supply Depot  
  118  7:47  Missile Turret  
  118  7:50  Liberator  
  121  7:51  Barracks  
  121  7:52  Barracks  
  121  7:53  Marine, Barracks, SCV x2  
  121  7:56  Marauder  
  126  7:58  Liberator  
  124  8:10  Liberator  
  127  8:16  Advanced Ballistics  
  127  8:19  Supply Depot  
  130  8:22  Supply Depot  
  130  8:23  Supply Depot  
  130  8:26  Marine, Marauder  
  130  8:27  Marine, Marauder  
  135  8:33  Liberator  
  139  8:34  Marine x2, Marauder  
  74  8:41  Liberator  
  143  8:43  Barracks Tech Lab x2  
  143  8:44  Barracks Reactor, Marine x2  
  145  8:53  Liberator  
  148  8:57  Engineering Bay  
  148  8:58  Armory  
  148  8:59  Supply Depot  
  148  9:01  Supply Depot x2  
  151  9:04  Marauder x5  
  161  9:15  Marine x2  
  161  9:16  Liberator  
  166  9:24  Liberator  
  166  9:25  Marine, Marauder x2  
  166  9:29  Marine x3, Marauder x2  
  179  9:33  Marine x2  
  186  9:49  Marine  
  186  9:50  Marine x7, Marauder  
  186  9:51  Marine x2  
  189  10:07  Marine  
  189  10:08  Marine x4  
  189  10:10  SCV  
  179  10:16  Marine, Marauder  
  179  10:17  Marine x4  
  169  10:26  Marauder  
  169  10:28  Marine, Marauder  
  178  10:36  Medivac  
  178  10:37  Medivac x2  
  178  10:52  Marine, Marauder x2  
  183  11:00  Command Center  
  183  11:03  Marine, Marauder x2  
  188  11:11  Missile Turret  
  188  11:12  Marine, Marauder  
  188  11:13  Missile Turret  
  188  11:14  Missile Turret  
  176  11:34  Marine  
  176  11:35  Marine, Marauder  
  176  11:36  Marauder  
  176  11:37  Marauder  
  190  11:47  Marine x3, Marauder x2  
  190  11:52  Marine x2  
  190  11:53  Marine  
Tags
 
Add a new tag
Caveats
  • Supply blocks, unpowered buildings, or Contaminate may cause inaccurate times.
  • Supply counts are checked every 10 seconds.